 Dungeon Crawl Stone Soup version 0.18.1-48-g4cf74bf (webtiles) character file.

9704 urioxis the Basher (level 11, 0/145 HPs)
             Began as a Minotaur Berserker on July 17, 2016.
             Was a High Priest of Trog.
             Slain by a blink frog (9 damage)
             ... on level 2 of the Lair of Beasts.
             The game lasted 00:41:21 (9220 turns).

urioxis the Basher (Minotaur Berserker)             Turns: 9220, Time: 00:41:23

Health: 0/145      AC: 18    Str: 30    XL:     11   Next: 26%
Magic:  3/3        EV: 12    Int:  4    God:    Trog [*****.]
Gold:   545        SH:  0    Dex: 10    Spells: 0 memorised, 10 levels left

rFire  + . .     SeeInvis .     a - +2 great mace (antimagic)
rCold  . . .     Gourm    .     D - +0 chain mail
rNeg   . . .     Faith    .     (shield currently unavailable)
rPois  .         Spirit   .     G - +0 hat
rElec  .         Dismiss  +     R - +1 cloak
rCorr  .         Reflect  .     P - +2 pair of gloves
SustAt .         Harm     .     O - +0 pair of boots
MR     .....                    p - amulet of dismissal
Stlth  ..........               (no ring)
                                v - ring of protection from fire

@: berserking, very quick, not resistant to hostile enchantments, extremely
unstealthy
A: retaliatory headbutt, horns 2
a: Berserk, Trog's Hand, Brothers in Arms, Burn Spellbooks, Renounce Religion


You were on level 2 of the Lair of Beasts.
You worshipped Trog.
Trog was extremely pleased with you.
You were not hungry.

You visited 2 branches of the dungeon, and saw 11 of its levels.

You collected 817 gold pieces.
You spent 272 gold pieces at shops.

Inventory:

Hand Weapons
 a - a +2 antimagic great mace (weapon)
 b - a +0 arbalest
Missiles
 t - 67 bolts
Armour
 D - a +0 chain mail (worn)
 G - a +0 hat (worn)
 O - a +0 pair of boots (worn)
 P - a +2 pair of gloves (worn)
 R - a +1 cloak (worn)
Jewellery
 p - an amulet of dismissal (around neck)
 v - a ring of protection from fire (left hand)
Scrolls
 d - 2 scrolls of fog
 f - a scroll of fear
 h - a scroll of enchant weapon {unknown}
 k - 4 scrolls of recharging
 m - 7 scrolls of remove curse
 o - a scroll of identify
 y - 4 scrolls of teleportation {unknown}
 A - a scroll of enchant armour {unknown}
 C - 2 scrolls of vulnerability {unknown}
 F - 2 scrolls of random uselessness {unknown}
 K - a scroll of noise {unknown}
 L - a scroll of immolation {unknown}
 Q - a scroll of blinking
 U - a scroll of amnesia {unknown}
Potions
 e - 2 potions of curing
 i - 2 potions of mutation
 j - 2 potions of lignification
 n - 3 potions of heal wounds
 s - a potion of might
 x - a potion of flight {unknown}
 z - 2 potions of magic
 M - 2 potions of cancellation
 N - a potion of haste {unknown}
Comestibles
 c - 12 bread rations
 g - a beef jerky
 l - 3 meat rations
 q - 4 chunks of flesh
 T - a royal jelly


   Skills:
 + Level 9.3 Fighting
 * Level 12.9 Maces & Flails
   Level 6.3 Slings
 + Level 3.5 Crossbows
 + Level 9.3 Armour
 + Level 7.9 Dodging


You had 10 spell levels left.
You didn't know any spells.

Dungeon Overview and Level Annotations

Branches:
Dungeon (9/15)             Temple (0/1) D:6            Lair (2/8) D:9
    Orc: D:9-12

Altars:
Ashenzari
Cheibriados
Elyvilon
Fedhas
Nemelex Xobeh
Okawaru
Pakellas
Ru
Sif Muna
Trog

Shops:
D:4 [!   D:5 %   D:6 (   D:9 }[}?**


Innate Abilities, Weirdness & Mutations

You reflexively headbutt those who attack you in melee.
You have a pair of horns on your head.


Message History

You headbutt the river rat! The crocodile bites you.
* * * LOW HITPOINT WARNING * * *
The river rat barely misses you. The river rat closely misses you.
You furiously retaliate!
You headbutt the river rat.
The blink frog blinks!
Some of the chunks of flesh in your inventory have rotted away.
You are too berserk!
You are too injured to fight recklessly!
You closely miss the crocodile. Your headbutt misses the crocodile.
The crocodile is almost dead.
The blink frog misses you.
The river rat bites you but does no damage.
The crocodile bites you but does no damage.
You hit the crocodile.
You feel the power of Trog in you as your rage grows.
You kill the crocodile!
Trog accepts your kill. The blink frog hits you.
* * * LOW HITPOINT WARNING * * *
The river rat misses you. The blink frog hits you!
You die...

.#..Y...####............####.....
......### #...........### ##....
..?Y..# ###........## ##...
.....## ###.....## ##.. †..#.#
#......# ##. ..#### ##.....## #.#
..# #.Yr....# ### .## ##rYF..## #
.(# #r@rr.# ### .... #F?r..# #..
...## #..r..# ##. .... ......#
#.. ..... .#.....# #... .....r...
..... .. ........ ......
............. .).... ..<...


You could see 2 yaks, 2 blink frogs and 8 river rats.

Vanquished Creatures
  A hydra (Lair:2)
  A black mamba (Lair:1)
  The ghost of TuxedoFelix the Covered, a novice MiBe of Trog (D:6)
  Joseph (D:8)
  A spiny frog (Lair:2)
  2 komodo dragons (Lair:1)
  A troll (D:9)
  A blink frog (Lair:2)
  A spriggan (D:7)
  Eustachio (D:4)
  3 yaks (Lair:2)
  A hungry ghost (D:9)
  4 water moccasins
  A black bear (D:8)
  An ice beast (D:7)
  2 sky beasts (D:5)
  A phantom (D:7)
  An orc warrior (D:6)
  10 wolves (Lair:1)
  9 ogres
  A centaur (D:9)
  7 crocodiles
  A wyvern zombie (D:7)
  4 giant frogs
  2 wyvern skeletons (D:7)
  A water moccasin skeleton (D:9)
  8 killer bees
  5 wights (D:6)
  6 crimson imps
  A centaur zombie (D:7)
  5 hounds
  A centaur skeleton (D:7)
  3 jellies
  5 orc wizards
  2 giant frog zombies
  3 orc priests
  7 iguanas
  11 worker ants
  5 sheep (Lair:1)
  A hound zombie (D:8)
  A hound skeleton (D:4)
  Robin (D:3)
  12 adders
  13 river rats
  3 shadow imps
  An ooze (D:2)
  An adder skeleton (D:5)
  2 worms
  A dart slug (D:1)
  5 giant geckos
  28 orcs
  4 giant cockroaches
  14 goblins
  15 hobgoblins
  12 jackals
  10 kobolds
  3 quokkas
  3 ball pythons
  11 bats
  A giant gecko zombie (D:8)
  4 giant newts
  14 rats
282 creatures vanquished.

Vanquished Creatures (others)
  A lightning spire (D:7)
  3 bushes (D:7)
  A fungus (D:9)
5 creatures vanquished.

Grand Total: 287 creatures vanquished

Notes
Turn   | Place    | Note
--------------------------------------------------------------
     0 | D:1      | urioxis the Minotaur Berserker began the quest for the Orb.
     0 | D:1      | Reached XP level 1. HP: 19/19 MP: 0/0
   136 | D:1      | Reached XP level 2. HP: 27/27 MP: 1/1
   206 | D:1      | Reached skill level 4 in Maces & Flails
   413 | D:1      | Reached ** piety under Trog
   413 | D:1      | Reached XP level 3. HP: 33/33 MP: 2/2
   943 | D:2      | Reached XP level 4. HP: 39/40 MP: 3/3
   948 | D:2      | Found a shattered altar of Ashenzari.
  1372 | D:3      | Noticed Robin
  1383 | D:3      | Reached *** piety under Trog
  1385 | D:3      | Killed Robin
  1546 | D:3      | Reached XP level 5. HP: 42/47 MP: 4/4
  1550 | D:3      | Reached skill level 5 in Maces & Flails
  1550 | D:3      | Reached skill level 1 in Slings
  1705 | D:3      | Found a snail-covered altar of Cheibriados.
  1812 | D:3      | Found a deep blue altar of Sif Muna.
  1830 | D:3      | Found a sacrificial altar of Ru.
  2414 | D:4      | Found Ani Hual's Magic Scroll Emporium.
  2414 | D:4      | Noticed an ogre
  2414 | D:4      | Noticed an ogre
  2419 | D:4      | Killed an ogre
  2419 | D:4      | Reached XP level 6. HP: 55/55 MP: 5/5
  2423 | D:4      | Reached **** piety under Trog
  2423 | D:4      | Reached skill level 5 in Fighting
  2423 | D:4      | Reached skill level 6 in Maces & Flails
  2570 | D:4      | Found Xouloef's Distillery.
  2640 | D:4      | Noticed Eustachio
  2657 | D:4      | Reached XP level 7. HP: 44/61 MP: 6/6
  2690 | D:4      | Found Jero's Armour Boutique.
  2785 | D:4      | Killed Eustachio
  2914 | D:4      | Reached skill level 7 in Maces & Flails
  2919 | D:4      | Reached skill level 5 in Armour
  3452 | D:5      | Entered Level 5 of the Dungeon
  3452 | D:5      | Found a bloodstained altar of Trog.
  3470 | D:5      | Reached XP level 8. HP: 47/70 MP: 7/7
  3510 | D:5      | Reached skill level 8 in Maces & Flails
  3639 | D:5      | Found Reemuq's Food Shoppe.
  4008 | D:6      | Found a staircase to the Ecumenical Temple.
  4021 | D:6      | Reached ***** piety under Trog
  4069 | D:6      | Noticed TuxedoFelix's ghost (novice MiBe)
  4085 | D:6      | Killed TuxedoFelix's ghost
  4085 | D:6      | Reached skill level 9 in Maces & Flails
  4085 | D:6      | Reached skill level 5 in Dodging
  4104 | D:6      | Found Poodyng's Antique Weapon Shop.
  4350 | D:6      | Found an iron altar of Okawaru.
  4403 | D:6      | Reached XP level 9. HP: 59/78 MP: 8/8
  5135 | D:7      | Reached skill level 10 in Maces & Flails
  5135 | D:7      | Reached skill level 5 in Slings
  5151 | D:7      | Found an oddly glowing altar of Pakellas.
  5152 | D:7      | Noticed a sphinx
  5407 | D:7      | Found a white marble altar of Elyvilon.
  5407 | D:7      | Found a blossoming altar of Fedhas.
  6030 | D:8      | Received a gift from Trog
  6102 | D:8      | Found a sparkling altar of Nemelex Xobeh.
  6140 | D:8      | Noticed Joseph
  6441 | D:8      | Killed Joseph
  6441 | D:8      | Reached skill level 11 in Maces & Flails
  6441 | D:8      | Reached XP level 10. HP: 88/88 MP: 9/9
  6904 | D:9      | Found Citan's Gadget Boutique.
  6991 | D:9      | Found a staircase to the Lair.
  7048 | D:9      | Found Giogot's Armour Shoppe.
  7064 | D:9      | Bought a +0 pair of boots for 58 gold pieces
  7064 | D:9      | Bought a +2 pair of gloves for 214 gold pieces
  7355 | D:9      | Found Ewnekeff's Assorted Antiques.
  7377 | D:9      | Found Peutupt's Gadget Emporium.
  7448 | D:9      | Found Yruom's Magic Scroll Boutique.
  7482 | D:9      | Found Sehiviq's Serpentskin Sales.
  7587 | Lair:1   | Entered Level 1 of the Lair of Beasts
  7791 | Lair:1   | Noticed a black mamba
  7798 | Lair:1   | Killed a black mamba
  7798 | Lair:1   | Reached skill level 1 in Crossbows
  7920 | Lair:1   | Reached skill level 12 in Maces & Flails
  7934 | Lair:1   | Received a gift from Trog
  8445 | Lair:2   | Noticed a four-headed hydra
  8453 | Lair:2   | Reached XP level 11. HP: 85/97 MP: 10/10
  8987 | Lair:2   | Killed a four-headed hydra
  8987 | Lair:2   | Received a gift from Trog
  9220 | Lair:2   | Slain by a blink frog

Skill      XL: |  1  2  3  4  5  6  7  8  9 10 11 |
---------------+----------------------------------+-----
Fighting       | 4 5 6 7 9 |  9.3
Maces & Flails | 4 5 6 7 9 11 12 | 12.9
Armour         | 3 4 5 6 7 8 9 |  9.3
Slings         | 1 2 3 4 5 6 |  6.3
Dodging        | 3 4 5 6 7 |  7.9
Crossbows      | 2 3 |  3.5

Action                   |  1- 3 |  4- 6 |  7- 9 | 10-12 || total
-------------------------+-------+-------+-------+-------++-------
Melee: Mace              |    58 |    85 |   167 |       ||   310
       Headbutt          |    11 |    13 |    53 |    42 ||   119
       Dire flail        |       |       |   130 |   220 ||   350
       Great mace        |       |       |       |    40 ||    40
 Fire: Hunting sling     |    13 |    87 |    34 |     5 ||   139
       Arbalest          |       |       |       |     6 ||     6
Invok: Berserk           |       |     2 |     4 |     2 ||     8
  Use: Scroll            |       |     6 |     1 |     7 ||    14
 Stab: Sleeping          |     1 |       |       |       ||     1
  Eat: Chunk             |       |     6 |    13 |    12 ||    31
       Beef jerky        |       |     1 |       |       ||     1
       Pizza             |       |       |     1 |       ||     1
Armor: Animal skin       |    16 |       |       |       ||    16
       Scale mail        |    11 |    40 |    29 |       ||    80
       Chain mail        |       |       |    76 |   124 ||   200
Dodge: Dodged            |    54 |    68 |   135 |   139 ||   396
